Map: Catalyst LE

Players

Hurricane

  • Race: Protoss Protoss
  • Spawn Location: 5:00

Solar - Winner!

  • Race: Zerg Zerg
  • Spawn Location: 11:00

Event: IEM Season 12 - Katowice

VOD

Have the link to the VOD?

Description

Time

  • Played on: March 1, 2018, 2:23 p.m.
  • Length: 10:07

All games in this series

Show
View Real Time Build Order
Export as new Build Order

Hurricane Protoss 

Build Orders: 1 Gate Expand, Oracle Opening, Phoenix Opening, Archon Immortal, Zealot Archon 

Get SALT Encoding   

  12  0:00  Probe  
  13  0:12  Probe  
  14  0:20  Pylon  
  14  0:24  Probe  
  15  0:38  Probe (Chrono Boost), Gateway  
  16  0:49  Probe (Chrono Boost), Assimilator  
  17  0:53  Probe (Chrono Boost)  
  18  1:04  Probe  
  19  1:17  Probe  
  20  1:29  Nexus  
  20  1:38  Cybernetics Core  
  20  1:41  Probe  
  21  1:48  Assimilator  
  21  1:53  Probe  
  22  1:57  Pylon  
  22  2:05  Probe  
  23  2:13  Adept (Chrono Boost)  
  25  2:17  Probe, Warp Gate  
  26  2:29  Probe  
  27  2:30  Stargate  
  27  2:33  Adept (Chrono Boost)  
  29  2:41  Probe (Chrono Boost)  
  31  2:47  Probe (Chrono Boost)  
  31  2:51  Probe (Chrono Boost), Adept  
  32  2:55  Probe (Chrono Boost)  
  32  2:56  Probe (Chrono Boost)  
  36  3:06  Probe  
  36  3:08  Probe  
  36  3:12  Phoenix (Chrono Boost)  
  40  3:20  Probe  
  40  3:22  Probe, Pylon  
  40  3:24  Gateway  
  42  3:31  Oracle  
  42  3:32  Probe  
  46  3:40  Probe  
  47  3:46  Probe, Gateway  
  48  3:51  Assimilator  
  48  3:52  Probe  
  48  3:53  Assimilator  
  49  3:58  Probe  
  50  4:04  Probe  
  50  4:07  Pylon  
  51  4:10  Probe  
  51  4:17  Probe  
  51  4:22  Adept  
  53  4:24  Probe  
  53  4:28  Adept, Robotics Facility  
  56  4:34  Probe (Chrono Boost)  
  56  4:36  Nexus  
  56  4:37  Probe (Chrono Boost)  
  58  4:41  Pylon  
  58  4:46  Probe (Chrono Boost)  
  58  4:49  Probe (Chrono Boost)  
  60  4:53  Twilight Council  
  60  4:55  Probe (Chrono Boost), Forge  
  60  4:57  Probe (Chrono Boost)  
  62  5:00  Sentry x2  
  62  5:03  Probe  
  66  5:07  Probe, Zealot  
  69  5:15  Probe  
  70  5:21  Charge  
  70  5:22  Pylon  
  70  5:25  Gateway x2  
  70  5:27  Probe  
  69  5:28  Protoss Ground Weapons Level 1 (Chrono Boost)  
  69  5:30  Probe  
  66  5:38  Templar Archives  
  66  5:39  Warp Prism (Chrono Boost)  
  68  5:44  Zealot  
  68  5:45  Probe  
  68  5:46  Probe  
  68  5:49  Zealot  
  74  5:52  Zealot  
  76  5:58  Probe x2  
  76  5:59  Probe  
  76  6:03  Gateway  
  79  6:07  Gateway  
  79  6:15  Probe x3, Observer (Chrono Boost)  
  79  6:17  Sentry  
  85  6:19  Stalker  
  85  6:23  High Templar  
  89  6:25  High Templar  
  89  6:26  Zealot  
  89  6:29  Archon  
  79  6:40  Zealot  
  79  6:44  Immortal (Chrono Boost)  
  79  6:45  Probe x3  
  84  6:47  Assimilator x2  
  84  6:48  Zealot, Shield Battery  
  84  6:50  Zealot  
  88  6:55  Gateway  
  88  6:58  Zealot x2  
  92  7:05  Zealot  
  89  7:09  Zealot x2  
  89  7:11  Zealot x2  
  88  7:16  Immortal (Chrono Boost)  
  88  7:20  Probe x2  
  88  7:22  Protoss Ground Weapons Level 2 (Chrono Boost), Probe  
  91  7:24  Pylon  
  91  7:26  Pylon  
  91  7:32  Sentry  
  91  7:36  Pylon  
  93  7:44  High Templar x3  
  98  7:45  Pylon  
  98  7:46  High Templar  
  98  7:47  Pylon  
  98  7:49  Archon x2  
  98  7:51  Pylon  
  101  7:54  Zealot x3  
  101  7:57  Shield Battery  
  107  8:01  Immortal (Chrono Boost)  
  111  8:07  Psionic Storm, High Templar  
  111  8:10  Pylon  
  113  8:14  Zealot x2  
  113  8:15  Zealot  
  113  8:17  High Templar  
  113  8:19  Zealot x3  
  117  8:23  Archon  
  105  8:33  Immortal  
  107  8:35  Zealot  
  107  8:36  Zealot x2  
  107  8:40  Zealot x2  
  107  8:41  Zealot x2  
  89  8:51  High Templar  
  89  8:56  High Templar x2  
  89  8:58  Probe x3  
  89  9:01  High Templar  
  89  9:02  Pylon, Zealot  
  94  9:03  Shield Battery  
  94  9:08  Zealot x2  
  98  9:17  Photon Cannon  
  98  9:18  Sentry  
  100  9:27  Zealot  
  100  9:28  High Templar x2  
  104  9:32  Archon  
  104  9:33  Photon Cannon  
  104  9:37  Zealot x3  
  102  9:50  High Templar x2  
  102  9:51  Zealot  
  96  9:53  Archon  
  96  9:56  Archon  
  78  10:00  Zealot x2  
  78  10:01  Zealot x3  
Show
View Real Time Build Order
Export as new Build Order

Solar Zerg - Winner!

Build Orders: Hatch First 

Get SALT Encoding   

  12  0:02  Drone  
  13  0:13  Overlord  
  13  0:17  Drone  
  14  0:32  Drone x2  
  16  0:49  Hatchery  
  15  0:52  Drone  
  15  0:57  Drone  
  17  0:59  Drone  
  18  1:05  Extractor  
  17  1:16  Spawning Pool  
  17  1:18  Drone  
  17  1:22  Drone  
  18  1:30  Drone  
  19  1:40  Drone  
  20  2:01  Hatchery  
  20  2:03  Queen  
  20  2:07  Drone  
  22  2:10  Metabolic Boost  
  22  2:14  Drone  
  23  2:19  Drone  
  24  2:26  Queen  
  26  2:31  Overlord  
  26  2:34  Zergling x2  
  27  2:37  Zergling x2  
  27  2:41  Drone, Extractor  
  29  2:46  Overlord  
  29  2:50  Drone x2  
  31  2:52  Drone  
  31  2:55  Drone  
  31  2:57  Zergling x2  
  34  3:06  Zergling x2  
  34  3:09  Drone  
  36  3:13  Queen  
  36  3:14  Drone x2  
  36  3:18  Overlord  
  40  3:21  Drone  
  40  3:22  Drone  
  42  3:27  Evolution Chamber  
  42  3:28  Drone  
  42  3:30  Drone  
  42  3:31  Drone  
  44  3:34  Zergling x2  
  44  3:35  Zergling x2  
  44  3:38  Drone  
  47  3:41  Overlord  
  47  3:44  Spore Crawler  
  47  3:45  Spore Crawler  
  45  3:48  Spore Crawler  
  45  3:50  Drone  
  45  3:52  Drone  
  45  3:56  Zerg Melee Weapons Level 1  
  45  3:57  Drone  
  45  3:59  Drone  
  45  4:00  Drone  
  48  4:03  Drone  
  48  4:04  Drone  
  48  4:05  Drone  
  50  4:10  Queen  
  50  4:12  Drone  
  50  4:14  Drone  
  50  4:15  Drone  
  54  4:18  Drone x2  
  54  4:21  Overlord  
  56  4:25  Overlord  
  56  4:27  Drone  
  56  4:29  Overlord  
  56  4:30  Extractor  
  56  4:34  Drone, Baneling Nest  
  56  4:38  Drone  
  56  4:40  Drone x2  
  56  4:41  Drone  
  56  4:44  Overlord  
  60  4:50  Queen  
  60  4:51  Drone x3  
  65  4:53  Drone x2  
  67  5:03  Hatchery, Zergling x2  
  67  5:05  Zergling x4  
  67  5:06  Zergling x2  
  70  5:08  Zergling x2  
  70  5:09  Zergling x2  
  70  5:13  Zergling x6  
  73  5:17  Drone  
  73  5:19  Lair  
  72  5:22  Drone x2  
  72  5:24  Drone  
  72  5:26  Drone  
  74  5:30  Drone x2  
  74  5:32  Drone  
  76  5:37  Extractor  
  76  5:38  Extractor  
  76  5:42  Drone  
  75  5:43  Overlord  
  75  5:44  Drone x3  
  75  5:45  Drone  
  75  5:46  Drone  
  75  5:47  Extractor  
  75  5:48  Overlord  
  79  5:56  Zergling x8  
  79  5:57  Zergling x2  
  82  5:58  Drone x2  
  82  5:59  Zergling x6  
  82  6:03  Zergling x2  
  88  6:05  Zergling x2  
  88  6:07  Overlord  
  88  6:08  Baneling x6  
  88  6:11  Drone  
  88  6:12  Drone  
  88  6:17  Drone  
  90  6:21  Hydralisk Den  
  90  6:22  Zergling x6  
  92  6:26  Drone  
  92  6:28  Drone x3  
  92  6:30  Zergling x12  
  101  6:36  Zergling x2  
  101  6:37  Zergling x6  
  98  6:43  Drone  
  98  6:45  Drone  
  98  6:46  Drone  
  98  6:50  Drone  
  98  6:52  Zerg Melee Weapons Level 2, Centrifical Hooks  
  98  6:53  Muscular Augments  
  98  6:54  Drone, Hydralisk  
  100  6:57  Hydralisk x2  
  100  6:58  Hydralisk  
  100  6:59  Hydralisk  
  109  7:04  Hydralisk x2  
  109  7:06  Hydralisk  
  109  7:07  Zergling x2  
  114  7:12  Hydralisk x2  
  114  7:13  Zergling x4  
  113  7:18  Hydralisk x2  
  113  7:19  Zergling x2  
  113  7:20  Zergling x2  
  113  7:21  Overlord  
  118  7:23  Overseer  
  118  7:24  Overlord  
  118  7:25  Drone  
  118  7:28  Overlord  
  118  7:29  Overlord  
  119  7:32  Overlord  
  119  7:33  Overlord  
  119  7:35  Overlord  
  119  7:37  Overlord  
  119  7:39  Overlord  
  119  7:43  Hydralisk  
  119  7:44  Hydralisk x2  
  119  7:50  Zergling x8  
  129  7:54  Baneling x6  
  129  7:55  Baneling  
  129  7:56  Baneling, Zergling x2  
  129  7:57  Zergling x4  
  132  8:01  Baneling x2, Zergling x2  
  132  8:02  Zergling x6  
  132  8:03  Zergling x2  
  132  8:05  Grooved Spines  
  137  8:06  Baneling x3  
  137  8:07  Zergling x6  
  137  8:09  Baneling x2  
  140  8:16  Zergling x2  
  140  8:18  Zergling x8  
  137  8:20  Hydralisk x2  
  137  8:21  Zergling x2  
  137  8:23  Baneling x3  
  137  8:24  Zergling x2  
  138  8:28  Zergling x10  
  138  8:30  Zergling x2  
  138  8:31  Zergling x2  
  138  8:32  Hydralisk x2  
  140  8:35  Zergling x4  
  140  8:39  Zergling x6  
  140  8:40  Hydralisk  
  139  8:47  Hydralisk x3  
  131  8:52  Hydralisk x2  
  131  8:55  Zergling x6  
  135  8:59  Zergling x4  
  135  9:00  Zergling x2  
  137  9:05  Zergling x2  
  138  9:12  Baneling  
  138  9:13  Baneling x9  
  138  9:15  Baneling x2  
  138  9:16  Zergling x8  
  142  9:20  Zergling x4  
  142  9:21  Zergling x6  
  142  9:22  Zergling x6  
  148  9:24  Zergling x2  
  148  9:25  Zergling x2  
  148  9:27  Zergling x2  
  148  9:28  Zergling x2  
  148  9:29  Zergling x2  
  151  9:35  Baneling x11  
  151  9:36  Zergling x2  
  151  9:37  Zergling x2  
  153  9:39  Baneling  
  153  9:41  Zergling x2  
  143  9:47  Zergling x2  
  143  9:48  Zergling x2  
  143  9:50  Baneling x6  

Tags
 
Add a new tag
Caveats
  • Supply blocks, unpowered buildings, or Contaminate may cause inaccurate times.
  • Supply counts are checked every 10 seconds.